Workbook

Sheet Prévu
A1: Budget mensuel — Prévu
A2: Saisissez dans les cellules jaunes ce que vous prévoyez pour chaque mois ; les lignes grises et vertes se calculent seules. Les chiffres d’exemple sont ceux d’un foyer à 2 300 € net par mois. Remplacez-les.
A3: Poste | B3: Janv. | C3: Févr. | D3: Mars | E3: Avr. | F3: Mai | G3: Juin | H3: Juil. | I3: Août | J3: Sept. | K3: Oct. | L3: Nov. | M3: Déc. | N3: Total annuel | O3: Moyenne mensuelle
A4: REVENUS
A5: Salaire (net) | B5: 2300 | C5: 2300 | D5: 2300 | E5: 2300 | F5: 2300 | G5: 2300 | H5: 2300 | I5: 2300 | J5: 2300 | K5: 2300 | L5: 2300 | M5: 2300 | N5: =SUM(B5:M5) -> 27600 | O5: =IF(COUNT(B5:M5)=0,"",AVERAGE(B5:M5)) -> 2300
A6: Revenus complémentaires | B6: 0 | C6: 0 | D6: 0 | E6: 0 | F6: 0 | G6: 0 | H6: 0 | I6: 0 | J6: 0 | K6: 0 | L6: 0 | M6: 0 | N6: =SUM(B6:M6) -> 0 | O6: =IF(COUNT(B6:M6)=0,"",AVERAGE(B6:M6)) -> 0
A7: Prime / 13e mois | B7: 0 | C7: 0 | D7: 0 | E7: 0 | F7: 0 | G7: 0 | H7: 0 | I7: 0 | J7: 0 | K7: 0 | L7: 0 | M7: 900 | N7: =SUM(B7:M7) -> 900 | O7: =IF(COUNT(B7:M7)=0,"",AVERAGE(B7:M7)) -> 75
A8: Total des revenus | B8: =IF(COUNT(B5:B7,B11:B24)=0,"",SUM(B5:B7)) -> 2300 | C8: =IF(COUNT(C5:C7,C11:C24)=0,"",SUM(C5:C7)) -> 2300 | D8: =IF(COUNT(D5:D7,D11:D24)=0,"",SUM(D5:D7)) -> 2300 | E8: =IF(COUNT(E5:E7,E11:E24)=0,"",SUM(E5:E7)) -> 2300 | F8: =IF(COUNT(F5:F7,F11:F24)=0,"",SUM(F5:F7)) -> 2300 | G8: =IF(COUNT(G5:G7,G11:G24)=0,"",SUM(G5:G7)) -> 2300 | H8: =IF(COUNT(H5:H7,H11:H24)=0,"",SUM(H5:H7)) -> 2300 | I8: =IF(COUNT(I5:I7,I11:I24)=0,"",SUM(I5:I7)) -> 2300 | ... M8: =IF(COUNT(M5:M7,M11:M24)=0,"",SUM(M5:M7)) -> 3200 | N8: =SUM(B8:M8) -> 28500 | O8: =IF(COUNT(B8:M8)=0,"",AVERAGE(B8:M8)) -> 2375
A10: DÉPENSES
A11: Loyer et charges | B11: 780 | C11: 780 | D11: 780 | E11: 780 | F11: 780 | G11: 780 | H11: 780 | I11: 780 | J11: 780 | K11: 780 | L11: 780 | M11: 780 | N11: =SUM(B11:M11) -> 9360 | O11: =IF(COUNT(B11:M11)=0,"",AVERAGE(B11:M11)) -> 780
A12: Énergie (électricité, gaz) | B12: 120 | C12: 115 | D12: 95 | E12: 75 | F12: 60 | G12: 50 | H12: 50 | I12: 50 | J12: 55 | K12: 75 | L12: 100 | M12: 120 | N12: =SUM(B12:M12) -> 965 | O12: =IF(COUNT(B12:M12)=0,"",AVERAGE(B12:M12)) -> 80.416667
A13: Internet et mobile | B13: 45 | C13: 45 | D13: 45 | E13: 45 | F13: 45 | G13: 45 | H13: 45 | I13: 45 | J13: 45 | K13: 45 | L13: 45 | M13: 45 | N13: =SUM(B13:M13) -> 540 | O13: =IF(COUNT(B13:M13)=0,"",AVERAGE(B13:M13)) -> 45
A14: Courses | B14: 380 | C14: 380 | D14: 380 | E14: 380 | F14: 380 | G14: 380 | H14: 380 | I14: 380 | J14: 380 | K14: 380 | L14: 380 | M14: 380 | N14: =SUM(B14:M14) -> 4560 | O14: =IF(COUNT(B14:M14)=0,"",AVERAGE(B14:M14)) -> 380
A15: Transports | B15: 140 | C15: 140 | D15: 140 | E15: 140 | F15: 140 | G15: 140 | H15: 140 | I15: 140 | J15: 140 | K15: 140 | L15: 140 | M15: 140 | N15: =SUM(B15:M15) -> 1680 | O15: =IF(COUNT(B15:M15)=0,"",AVERAGE(B15:M15)) -> 140
A16: Assurances | B16: 45 | C16: 45 | D16: 45 | E16: 45 | F16: 45 | G16: 45 | H16: 45 | I16: 45 | J16: 45 | K16: 45 | L16: 45 | M16: 45 | N16: =SUM(B16:M16) -> 540 | O16: =IF(COUNT(B16:M16)=0,"",AVERAGE(B16:M16)) -> 45
A17: Santé et mutuelle | B17: 55 | C17: 55 | D17: 55 | E17: 55 | F17: 55 | G17: 55 | H17: 55 | I17: 55 | J17: 55 | K17: 55 | L17: 55 | M17: 55 | N17: =SUM(B17:M17) -> 660 | O17: =IF(COUNT(B17:M17)=0,"",AVERAGE(B17:M17)) -> 55
A18: Vêtements | B18: 100 | C18: 40 | D18: 40 | E18: 40 | F18: 40 | G18: 40 | H18: 90 | I18: 40 | J18: 40 | K18: 40 | L18: 40 | M18: 40 | N18: =SUM(B18:M18) -> 590 | O18: =IF(COUNT(B18:M18)=0,"",AVERAGE(B18:M18)) -> 49.166667
A19: Loisirs et sorties | B19: 120 | C19: 120 | D19: 120 | E19: 120 | F19: 120 | G19: 120 | H19: 120 | I19: 120 | J19: 120 | K19: 120 | L19: 120 | M19: 120 | N19: =SUM(B19:M19) -> 1440 | O19: =IF(COUNT(B19:M19)=0,"",AVERAGE(B19:M19)) -> 120
A20: Vacances et cadeaux | B20: 20 | C20: 20 | D20: 20 | E20: 20 | F20: 20 | G20: 20 | H20: 20 | I20: 550 | J20: 20 | K20: 20 | L20: 20 | M20: 280 | N20: =SUM(B20:M20) -> 1030 | O20: =IF(COUNT(B20:M20)=0,"",AVERAGE(B20:M20)) -> 85.833333
A21: Abonnements | B21: 30 | C21: 30 | D21: 30 | E21: 30 | F21: 30 | G21: 30 | H21: 30 | I21: 30 | J21: 30 | K21: 30 | L21: 30 | M21: 30 | N21: =SUM(B21:M21) -> 360 | O21: =IF(COUNT(B21:M21)=0,"",AVERAGE(B21:M21)) -> 30
A22: Crédits | B22: 120 | C22: 120 | D22: 120 | E22: 120 | F22: 120 | G22: 120 | H22: 120 | I22: 120 | J22: 120 | K22: 120 | L22: 120 | M22: 120 | N22: =SUM(B22:M22) -> 1440 | O22: =IF(COUNT(B22:M22)=0,"",AVERAGE(B22:M22)) -> 120
... A24: Divers | B24: 40 | C24: 40 | D24: 40 | E24: 40 | F24: 40 | G24: 40 | H24: 40 | I24: 40 | J24: 40 | K24: 40 | L24: 40 | M24: 40 | N24: =SUM(B24:M24) -> 480 | O24: =IF(COUNT(B24:M24)=0,"",AVERAGE(B24:M24)) -> 40
A25: Total des dépenses | B25: =IF(COUNT(B5:B7,B11:B24)=0,"",SUM(B11:B24)) -> 2195 | C25: =IF(COUNT(C5:C7,C11:C24)=0,"",SUM(C11:C24)) -> 2130 | D25: =IF(COUNT(D5:D7,D11:D24)=0,"",SUM(D11:D24)) -> 2110 | E25: =IF(COUNT(E5:E7,E11:E24)=0,"",SUM(E11:E24)) -> 2090 | F25: =IF(COUNT(F5:F7,F11:F24)=0,"",SUM(F11:F24)) -> 2075 | G25: =IF(COUNT(G5:G7,G11:G24)=0,"",SUM(G11:G24)) -> 2065 | H25: =IF(COUNT(H5:H7,H11:H24)=0,"",SUM(H11:H24)) -> 2115 | I25: =IF(COUNT(I5:I7,I11:I24)=0,"",SUM(I11:I24)) -> 2595 | ... M25: =IF(COUNT(M5:M7,M11:M24)=0,"",SUM(M11:M24)) -> 2395 | N25: =SUM(B25:M25) -> 26045 | O25: =IF(COUNT(B25:M25)=0,"",AVERAGE(B25:M25)) -> 2170.4167
A27: Solde (revenus − dépenses) | B27: =IF(B8="","",B8-B25) -> 105 | C27: =IF(C8="","",C8-C25) -> 170 | D27: =IF(D8="","",D8-D25) -> 190 | E27: =IF(E8="","",E8-E25) -> 210 | F27: =IF(F8="","",F8-F25) -> 225 | G27: =IF(G8="","",G8-G25) -> 235 | H27: =IF(H8="","",H8-H25) -> 185 | I27: =IF(I8="","",I8-I25) -> -295 | ... M27: =IF(M8="","",M8-M25) -> 805 | N27: =SUM(B27:M27) -> 2455 | O27: =IF(COUNT(B27:M27)=0,"",AVERAGE(B27:M27)) -> 204.58333
A28: Épargné (épargne + solde) | B28: =IF(B8="","",B23+B27) -> 305 | C28: =IF(C8="","",C23+C27) -> 370 | D28: =IF(D8="","",D23+D27) -> 390 | E28: =IF(E8="","",E23+E27) -> 410 | F28: =IF(F8="","",F23+F27) -> 425 | G28: =IF(G8="","",G23+G27) -> 435 | H28: =IF(H8="","",H23+H27) -> 385 | I28: =IF(I8="","",I23+I27) -> -95 | ... M28: =IF(M8="","",M23+M27) -> 1005 | N28: =SUM(B28:M28) -> 4855 | O28: =IF(COUNT(B28:M28)=0,"",AVERAGE(B28:M28)) -> 404.58333
A29: Taux d’épargne | B29: =IF(N(B8)=0,"",B28/B8) -> 0.1326087 | C29: =IF(N(C8)=0,"",C28/C8) -> 0.16086957 | D29: =IF(N(D8)=0,"",D28/D8) -> 0.16956522 | E29: =IF(N(E8)=0,"",E28/E8) -> 0.17826087 | F29: =IF(N(F8)=0,"",F28/F8) -> 0.18478261 | G29: =IF(N(G8)=0,"",G28/G8) -> 0.18913043 | H29: =IF(N(H8)=0,"",H28/H8) -> 0.1673913 | I29: =IF(N(I8)=0,"",I28/I8) -> -0.041304348 | ... O29: =IF(N(O8)=0,"",O28/O8) -> 0.17035088

Sheet Réel
A1: Budget mensuel — Réel
A2: À la fin de chaque mois, saisissez ce qui est vraiment entré et sorti. Les mois vides ne comptent ni dans les totaux, ni dans les moyennes, ni dans l’écart. L’exemple a janvier à mars remplis.
A3: Poste | B3: Janv. | C3: Févr. | D3: Mars | E3: Avr. | F3: Mai | G3: Juin | H3: Juil. | I3: Août | J3: Sept. | K3: Oct. | L3: Nov. | M3: Déc. | N3: Total annuel | O3: Moyenne mensuelle
A4: REVENUS
A5: ='Prévu'!A5 -> Salaire (net) | B5: 2300 | C5: 2300 | D5: 2300 | N5: =SUM(B5:M5) -> 6900 | O5: =IF(COUNT(B5:M5)=0,"",AVERAGE(B5:M5)) -> 2300
A6: ='Prévu'!A6 -> Revenus complémentaires | B6: 0 | C6: 200 | D6: 0 | N6: =SUM(B6:M6) -> 200 | O6: =IF(COUNT(B6:M6)=0,"",AVERAGE(B6:M6)) -> 66.666667
A7: ='Prévu'!A7 -> Prime / 13e mois | B7: 0 | C7: 0 | D7: 0 | N7: =SUM(B7:M7) -> 0 | O7: =IF(COUNT(B7:M7)=0,"",AVERAGE(B7:M7)) -> 0
A8: Total des revenus | B8: =IF(COUNT(B5:B7,B11:B24)=0,"",SUM(B5:B7)) -> 2300 | C8: =IF(COUNT(C5:C7,C11:C24)=0,"",SUM(C5:C7)) -> 2500 | D8: =IF(COUNT(D5:D7,D11:D24)=0,"",SUM(D5:D7)) -> 2300 | E8: =IF(COUNT(E5:E7,E11:E24)=0,"",SUM(E5:E7)) | F8: =IF(COUNT(F5:F7,F11:F24)=0,"",SUM(F5:F7)) | G8: =IF(COUNT(G5:G7,G11:G24)=0,"",SUM(G5:G7)) | H8: =IF(COUNT(H5:H7,H11:H24)=0,"",SUM(H5:H7)) | I8: =IF(COUNT(I5:I7,I11:I24)=0,"",SUM(I5:I7)) | ... M8: =IF(COUNT(M5:M7,M11:M24)=0,"",SUM(M5:M7)) | N8: =SUM(B8:M8) -> 7100 | O8: =IF(COUNT(B8:M8)=0,"",AVERAGE(B8:M8)) -> 2366.6667
A10: DÉPENSES
A11: ='Prévu'!A11 -> Loyer et charges | B11: 780 | C11: 780 | D11: 780 | N11: =SUM(B11:M11) -> 2340 | O11: =IF(COUNT(B11:M11)=0,"",AVERAGE(B11:M11)) -> 780
A12: ='Prévu'!A12 -> Énergie (électricité, gaz) | B12: 141 | C12: 126 | D12: 98 | N12: =SUM(B12:M12) -> 365 | O12: =IF(COUNT(B12:M12)=0,"",AVERAGE(B12:M12)) -> 121.66667
A13: ='Prévu'!A13 -> Internet et mobile | B13: 45 | C13: 45 | D13: 45 | N13: =SUM(B13:M13) -> 135 | O13: =IF(COUNT(B13:M13)=0,"",AVERAGE(B13:M13)) -> 45
A14: ='Prévu'!A14 -> Courses | B14: 412 | C14: 366 | D14: 391 | N14: =SUM(B14:M14) -> 1169 | O14: =IF(COUNT(B14:M14)=0,"",AVERAGE(B14:M14)) -> 389.66667
A15: ='Prévu'!A15 -> Transports | B15: 133 | C15: 147 | D15: 152 | N15: =SUM(B15:M15) -> 432 | O15: =IF(COUNT(B15:M15)=0,"",AVERAGE(B15:M15)) -> 144
A16: ='Prévu'!A16 -> Assurances | B16: 45 | C16: 45 | D16: 45 | N16: =SUM(B16:M16) -> 135 | O16: =IF(COUNT(B16:M16)=0,"",AVERAGE(B16:M16)) -> 45
A17: ='Prévu'!A17 -> Santé et mutuelle | B17: 55 | C17: 92 | D17: 55 | N17: =SUM(B17:M17) -> 202 | O17: =IF(COUNT(B17:M17)=0,"",AVERAGE(B17:M17)) -> 67.333333
A18: ='Prévu'!A18 -> Vêtements | B18: 138 | C18: 12 | D18: 36 | N18: =SUM(B18:M18) -> 186 | O18: =IF(COUNT(B18:M18)=0,"",AVERAGE(B18:M18)) -> 62
A19: ='Prévu'!A19 -> Loisirs et sorties | B19: 131 | C19: 104 | D19: 138 | N19: =SUM(B19:M19) -> 373 | O19: =IF(COUNT(B19:M19)=0,"",AVERAGE(B19:M19)) -> 124.33333
A20: ='Prévu'!A20 -> Vacances et cadeaux | B20: 0 | C20: 35 | D20: 20 | N20: =SUM(B20:M20) -> 55 | O20: =IF(COUNT(B20:M20)=0,"",AVERAGE(B20:M20)) -> 18.333333
A21: ='Prévu'!A21 -> Abonnements | B21: 30 | C21: 30 | D21: 42 | N21: =SUM(B21:M21) -> 102 | O21: =IF(COUNT(B21:M21)=0,"",AVERAGE(B21:M21)) -> 34
A22: ='Prévu'!A22 -> Crédits | B22: 120 | C22: 120 | D22: 120 | N22: =SUM(B22:M22) -> 360 | O22: =IF(COUNT(B22:M22)=0,"",AVERAGE(B22:M22)) -> 120
... A24: ='Prévu'!A24 -> Divers | B24: 58 | C24: 31 | D24: 52 | N24: =SUM(B24:M24) -> 141 | O24: =IF(COUNT(B24:M24)=0,"",AVERAGE(B24:M24)) -> 47
A25: Total des dépenses | B25: =IF(COUNT(B5:B7,B11:B24)=0,"",SUM(B11:B24)) -> 2188 | C25: =IF(COUNT(C5:C7,C11:C24)=0,"",SUM(C11:C24)) -> 2183 | D25: =IF(COUNT(D5:D7,D11:D24)=0,"",SUM(D11:D24)) -> 2174 | E25: =IF(COUNT(E5:E7,E11:E24)=0,"",SUM(E11:E24)) | F25: =IF(COUNT(F5:F7,F11:F24)=0,"",SUM(F11:F24)) | G25: =IF(COUNT(G5:G7,G11:G24)=0,"",SUM(G11:G24)) | H25: =IF(COUNT(H5:H7,H11:H24)=0,"",SUM(H11:H24)) | I25: =IF(COUNT(I5:I7,I11:I24)=0,"",SUM(I11:I24)) | ... M25: =IF(COUNT(M5:M7,M11:M24)=0,"",SUM(M11:M24)) | N25: =SUM(B25:M25) -> 6545 | O25: =IF(COUNT(B25:M25)=0,"",AVERAGE(B25:M25)) -> 2181.6667
A27: Solde (revenus − dépenses) | B27: =IF(B8="","",B8-B25) -> 112 | C27: =IF(C8="","",C8-C25) -> 317 | D27: =IF(D8="","",D8-D25) -> 126 | E27: =IF(E8="","",E8-E25) | F27: =IF(F8="","",F8-F25) | G27: =IF(G8="","",G8-G25) | H27: =IF(H8="","",H8-H25) | I27: =IF(I8="","",I8-I25) | ... M27: =IF(M8="","",M8-M25) | N27: =SUM(B27:M27) -> 555 | O27: =IF(COUNT(B27:M27)=0,"",AVERAGE(B27:M27)) -> 185
A28: Épargné (épargne + solde) | B28: =IF(B8="","",B23+B27) -> 212 | C28: =IF(C8="","",C23+C27) -> 567 | D28: =IF(D8="","",D23+D27) -> 326 | E28: =IF(E8="","",E23+E27) | F28: =IF(F8="","",F23+F27) | G28: =IF(G8="","",G23+G27) | H28: =IF(H8="","",H23+H27) | I28: =IF(I8="","",I23+I27) | ... M28: =IF(M8="","",M23+M27) | N28: =SUM(B28:M28) -> 1105 | O28: =IF(COUNT(B28:M28)=0,"",AVERAGE(B28:M28)) -> 368.33333
A29: Taux d’épargne | B29: =IF(N(B8)=0,"",B28/B8) -> 0.092173913 | C29: =IF(N(C8)=0,"",C28/C8) -> 0.2268 | D29: =IF(N(D8)=0,"",D28/D8) -> 0.14173913 | E29: =IF(N(E8)=0,"",E28/E8) | F29: =IF(N(F8)=0,"",F28/F8) | G29: =IF(N(G8)=0,"",G28/G8) | H29: =IF(N(H8)=0,"",H28/H8) | I29: =IF(N(I8)=0,"",I28/I8) | ... O29: =IF(N(O8)=0,"",O28/O8) -> 0.1556338

Sheet Écart
A1: Prévu / réel — Écart
A2: Positif (vert) = en votre faveur : plus de revenus, moins de dépenses ou plus d’épargne que prévu. Négatif (rouge) = dépassement sur cette ligne.
A3: Poste | B3: Janv. | C3: Févr. | D3: Mars | E3: Avr. | F3: Mai | G3: Juin | H3: Juil. | I3: Août | J3: Sept. | K3: Oct. | L3: Nov. | M3: Déc. | N3: Écart cumulé
A4: REVENUS
A5: ='Prévu'!A5 -> Salaire (net) | B5: =IF(COUNT('Réel'!B5)=0,"",'Réel'!B5-'Prévu'!B5) -> 0 | C5: =IF(COUNT('Réel'!C5)=0,"",'Réel'!C5-'Prévu'!C5) -> 0 | D5: =IF(COUNT('Réel'!D5)=0,"",'Réel'!D5-'Prévu'!D5) -> 0 | E5: =IF(COUNT('Réel'!E5)=0,"",'Réel'!E5-'Prévu'!E5) | F5: =IF(COUNT('Réel'!F5)=0,"",'Réel'!F5-'Prévu'!F5) | G5: =IF(COUNT('Réel'!G5)=0,"",'Réel'!G5-'Prévu'!G5) | H5: =IF(COUNT('Réel'!H5)=0,"",'Réel'!H5-'Prévu'!H5) | I5: =IF(COUNT('Réel'!I5)=0,"",'Réel'!I5-'Prévu'!I5) | ... M5: =IF(COUNT('Réel'!M5)=0,"",'Réel'!M5-'Prévu'!M5) | N5: =SUM(B5:M5) -> 0
A6: ='Prévu'!A6 -> Revenus complémentaires | B6: =IF(COUNT('Réel'!B6)=0,"",'Réel'!B6-'Prévu'!B6) -> 0 | C6: =IF(COUNT('Réel'!C6)=0,"",'Réel'!C6-'Prévu'!C6) -> 200 | D6: =IF(COUNT('Réel'!D6)=0,"",'Réel'!D6-'Prévu'!D6) -> 0 | E6: =IF(COUNT('Réel'!E6)=0,"",'Réel'!E6-'Prévu'!E6) | F6: =IF(COUNT('Réel'!F6)=0,"",'Réel'!F6-'Prévu'!F6) | G6: =IF(COUNT('Réel'!G6)=0,"",'Réel'!G6-'Prévu'!G6) | H6: =IF(COUNT('Réel'!H6)=0,"",'Réel'!H6-'Prévu'!H6) | I6: =IF(COUNT('Réel'!I6)=0,"",'Réel'!I6-'Prévu'!I6) | ... M6: =IF(COUNT('Réel'!M6)=0,"",'Réel'!M6-'Prévu'!M6) | N6: =SUM(B6:M6) -> 200
A7: ='Prévu'!A7 -> Prime / 13e mois | B7: =IF(COUNT('Réel'!B7)=0,"",'Réel'!B7-'Prévu'!B7) -> 0 | C7: =IF(COUNT('Réel'!C7)=0,"",'Réel'!C7-'Prévu'!C7) -> 0 | D7: =IF(COUNT('Réel'!D7)=0,"",'Réel'!D7-'Prévu'!D7) -> 0 | E7: =IF(COUNT('Réel'!E7)=0,"",'Réel'!E7-'Prévu'!E7) | F7: =IF(COUNT('Réel'!F7)=0,"",'Réel'!F7-'Prévu'!F7) | G7: =IF(COUNT('Réel'!G7)=0,"",'Réel'!G7-'Prévu'!G7) | H7: =IF(COUNT('Réel'!H7)=0,"",'Réel'!H7-'Prévu'!H7) | I7: =IF(COUNT('Réel'!I7)=0,"",'Réel'!I7-'Prévu'!I7) | ... M7: =IF(COUNT('Réel'!M7)=0,"",'Réel'!M7-'Prévu'!M7) | N7: =SUM(B7:M7) -> 0
A8: Total des revenus | B8: =IF('Réel'!B8="","",'Réel'!B8-'Prévu'!B8) -> 0 | C8: =IF('Réel'!C8="","",'Réel'!C8-'Prévu'!C8) -> 200 | D8: =IF('Réel'!D8="","",'Réel'!D8-'Prévu'!D8) -> 0 | E8: =IF('Réel'!E8="","",'Réel'!E8-'Prévu'!E8) | F8: =IF('Réel'!F8="","",'Réel'!F8-'Prévu'!F8) | G8: =IF('Réel'!G8="","",'Réel'!G8-'Prévu'!G8) | H8: =IF('Réel'!H8="","",'Réel'!H8-'Prévu'!H8) | I8: =IF('Réel'!I8="","",'Réel'!I8-'Prévu'!I8) | ... M8: =IF('Réel'!M8="","",'Réel'!M8-'Prévu'!M8) | N8: =SUM(B8:M8) -> 200
A10: DÉPENSES
A11: ='Prévu'!A11 -> Loyer et charges | B11: =IF(COUNT('Réel'!B11)=0,"",'Prévu'!B11-'Réel'!B11) -> 0 | C11: =IF(COUNT('Réel'!C11)=0,"",'Prévu'!C11-'Réel'!C11) -> 0 | D11: =IF(COUNT('Réel'!D11)=0,"",'Prévu'!D11-'Réel'!D11) -> 0 | E11: =IF(COUNT('Réel'!E11)=0,"",'Prévu'!E11-'Réel'!E11) | F11: =IF(COUNT('Réel'!F11)=0,"",'Prévu'!F11-'Réel'!F11) | G11: =IF(COUNT('Réel'!G11)=0,"",'Prévu'!G11-'Réel'!G11) | H11: =IF(COUNT('Réel'!H11)=0,"",'Prévu'!H11-'Réel'!H11) | I11: =IF(COUNT('Réel'!I11)=0,"",'Prévu'!I11-'Réel'!I11) | ... M11: =IF(COUNT('Réel'!M11)=0,"",'Prévu'!M11-'Réel'!M11) | N11: =SUM(B11:M11) -> 0
A12: ='Prévu'!A12 -> Énergie (électricité, gaz) | B12: =IF(COUNT('Réel'!B12)=0,"",'Prévu'!B12-'Réel'!B12) -> -21 | C12: =IF(COUNT('Réel'!C12)=0,"",'Prévu'!C12-'Réel'!C12) -> -11 | D12: =IF(COUNT('Réel'!D12)=0,"",'Prévu'!D12-'Réel'!D12) -> -3 | E12: =IF(COUNT('Réel'!E12)=0,"",'Prévu'!E12-'Réel'!E12) | F12: =IF(COUNT('Réel'!F12)=0,"",'Prévu'!F12-'Réel'!F12) | G12: =IF(COUNT('Réel'!G12)=0,"",'Prévu'!G12-'Réel'!G12) | H12: =IF(COUNT('Réel'!H12)=0,"",'Prévu'!H12-'Réel'!H12) | I12: =IF(COUNT('Réel'!I12)=0,"",'Prévu'!I12-'Réel'!I12) | ... M12: =IF(COUNT('Réel'!M12)=0,"",'Prévu'!M12-'Réel'!M12) | N12: =SUM(B12:M12) -> -35
A13: ='Prévu'!A13 -> Internet et mobile | B13: =IF(COUNT('Réel'!B13)=0,"",'Prévu'!B13-'Réel'!B13) -> 0 | C13: =IF(COUNT('Réel'!C13)=0,"",'Prévu'!C13-'Réel'!C13) -> 0 | D13: =IF(COUNT('Réel'!D13)=0,"",'Prévu'!D13-'Réel'!D13) -> 0 | E13: =IF(COUNT('Réel'!E13)=0,"",'Prévu'!E13-'Réel'!E13) | F13: =IF(COUNT('Réel'!F13)=0,"",'Prévu'!F13-'Réel'!F13) | G13: =IF(COUNT('Réel'!G13)=0,"",'Prévu'!G13-'Réel'!G13) | H13: =IF(COUNT('Réel'!H13)=0,"",'Prévu'!H13-'Réel'!H13) | I13: =IF(COUNT('Réel'!I13)=0,"",'Prévu'!I13-'Réel'!I13) | ... M13: =IF(COUNT('Réel'!M13)=0,"",'Prévu'!M13-'Réel'!M13) | N13: =SUM(B13:M13) -> 0
A14: ='Prévu'!A14 -> Courses | B14: =IF(COUNT('Réel'!B14)=0,"",'Prévu'!B14-'Réel'!B14) -> -32 | C14: =IF(COUNT('Réel'!C14)=0,"",'Prévu'!C14-'Réel'!C14) -> 14 | D14: =IF(COUNT('Réel'!D14)=0,"",'Prévu'!D14-'Réel'!D14) -> -11 | E14: =IF(COUNT('Réel'!E14)=0,"",'Prévu'!E14-'Réel'!E14) | F14: =IF(COUNT('Réel'!F14)=0,"",'Prévu'!F14-'Réel'!F14) | G14: =IF(COUNT('Réel'!G14)=0,"",'Prévu'!G14-'Réel'!G14) | H14: =IF(COUNT('Réel'!H14)=0,"",'Prévu'!H14-'Réel'!H14) | I14: =IF(COUNT('Réel'!I14)=0,"",'Prévu'!I14-'Réel'!I14) | ... M14: =IF(COUNT('Réel'!M14)=0,"",'Prévu'!M14-'Réel'!M14) | N14: =SUM(B14:M14) -> -29
A15: ='Prévu'!A15 -> Transports | B15: =IF(COUNT('Réel'!B15)=0,"",'Prévu'!B15-'Réel'!B15) -> 7 | C15: =IF(COUNT('Réel'!C15)=0,"",'Prévu'!C15-'Réel'!C15) -> -7 | D15: =IF(COUNT('Réel'!D15)=0,"",'Prévu'!D15-'Réel'!D15) -> -12 | E15: =IF(COUNT('Réel'!E15)=0,"",'Prévu'!E15-'Réel'!E15) | F15: =IF(COUNT('Réel'!F15)=0,"",'Prévu'!F15-'Réel'!F15) | G15: =IF(COUNT('Réel'!G15)=0,"",'Prévu'!G15-'Réel'!G15) | H15: =IF(COUNT('Réel'!H15)=0,"",'Prévu'!H15-'Réel'!H15) | I15: =IF(COUNT('Réel'!I15)=0,"",'Prévu'!I15-'Réel'!I15) | ... M15: =IF(COUNT('Réel'!M15)=0,"",'Prévu'!M15-'Réel'!M15) | N15: =SUM(B15:M15) -> -12
A16: ='Prévu'!A16 -> Assurances | B16: =IF(COUNT('Réel'!B16)=0,"",'Prévu'!B16-'Réel'!B16) -> 0 | C16: =IF(COUNT('Réel'!C16)=0,"",'Prévu'!C16-'Réel'!C16) -> 0 | D16: =IF(COUNT('Réel'!D16)=0,"",'Prévu'!D16-'Réel'!D16) -> 0 | E16: =IF(COUNT('Réel'!E16)=0,"",'Prévu'!E16-'Réel'!E16) | F16: =IF(COUNT('Réel'!F16)=0,"",'Prévu'!F16-'Réel'!F16) | G16: =IF(COUNT('Réel'!G16)=0,"",'Prévu'!G16-'Réel'!G16) | H16: =IF(COUNT('Réel'!H16)=0,"",'Prévu'!H16-'Réel'!H16) | I16: =IF(COUNT('Réel'!I16)=0,"",'Prévu'!I16-'Réel'!I16) | ... M16: =IF(COUNT('Réel'!M16)=0,"",'Prévu'!M16-'Réel'!M16) | N16: =SUM(B16:M16) -> 0
A17: ='Prévu'!A17 -> Santé et mutuelle | B17: =IF(COUNT('Réel'!B17)=0,"",'Prévu'!B17-'Réel'!B17) -> 0 | C17: =IF(COUNT('Réel'!C17)=0,"",'Prévu'!C17-'Réel'!C17) -> -37 | D17: =IF(COUNT('Réel'!D17)=0,"",'Prévu'!D17-'Réel'!D17) -> 0 | E17: =IF(COUNT('Réel'!E17)=0,"",'Prévu'!E17-'Réel'!E17) | F17: =IF(COUNT('Réel'!F17)=0,"",'Prévu'!F17-'Réel'!F17) | G17: =IF(COUNT('Réel'!G17)=0,"",'Prévu'!G17-'Réel'!G17) | H17: =IF(COUNT('Réel'!H17)=0,"",'Prévu'!H17-'Réel'!H17) | I17: =IF(COUNT('Réel'!I17)=0,"",'Prévu'!I17-'Réel'!I17) | ... M17: =IF(COUNT('Réel'!M17)=0,"",'Prévu'!M17-'Réel'!M17) | N17: =SUM(B17:M17) -> -37
A18: ='Prévu'!A18 -> Vêtements | B18: =IF(COUNT('Réel'!B18)=0,"",'Prévu'!B18-'Réel'!B18) -> -38 | C18: =IF(COUNT('Réel'!C18)=0,"",'Prévu'!C18-'Réel'!C18) -> 28 | D18: =IF(COUNT('Réel'!D18)=0,"",'Prévu'!D18-'Réel'!D18) -> 4 | E18: =IF(COUNT('Réel'!E18)=0,"",'Prévu'!E18-'Réel'!E18) | F18: =IF(COUNT('Réel'!F18)=0,"",'Prévu'!F18-'Réel'!F18) | G18: =IF(COUNT('Réel'!G18)=0,"",'Prévu'!G18-'Réel'!G18) | H18: =IF(COUNT('Réel'!H18)=0,"",'Prévu'!H18-'Réel'!H18) | I18: =IF(COUNT('Réel'!I18)=0,"",'Prévu'!I18-'Réel'!I18) | ... M18: =IF(COUNT('Réel'!M18)=0,"",'Prévu'!M18-'Réel'!M18) | N18: =SUM(B18:M18) -> -6
A19: ='Prévu'!A19 -> Loisirs et sorties | B19: =IF(COUNT('Réel'!B19)=0,"",'Prévu'!B19-'Réel'!B19) -> -11 | C19: =IF(COUNT('Réel'!C19)=0,"",'Prévu'!C19-'Réel'!C19) -> 16 | D19: =IF(COUNT('Réel'!D19)=0,"",'Prévu'!D19-'Réel'!D19) -> -18 | E19: =IF(COUNT('Réel'!E19)=0,"",'Prévu'!E19-'Réel'!E19) | F19: =IF(COUNT('Réel'!F19)=0,"",'Prévu'!F19-'Réel'!F19) | G19: =IF(COUNT('Réel'!G19)=0,"",'Prévu'!G19-'Réel'!G19) | H19: =IF(COUNT('Réel'!H19)=0,"",'Prévu'!H19-'Réel'!H19) | I19: =IF(COUNT('Réel'!I19)=0,"",'Prévu'!I19-'Réel'!I19) | ... M19: =IF(COUNT('Réel'!M19)=0,"",'Prévu'!M19-'Réel'!M19) | N19: =SUM(B19:M19) -> -13
A20: ='Prévu'!A20 -> Vacances et cadeaux | B20: =IF(COUNT('Réel'!B20)=0,"",'Prévu'!B20-'Réel'!B20) -> 20 | C20: =IF(COUNT('Réel'!C20)=0,"",'Prévu'!C20-'Réel'!C20) -> -15 | D20: =IF(COUNT('Réel'!D20)=0,"",'Prévu'!D20-'Réel'!D20) -> 0 | E20: =IF(COUNT('Réel'!E20)=0,"",'Prévu'!E20-'Réel'!E20) | F20: =IF(COUNT('Réel'!F20)=0,"",'Prévu'!F20-'Réel'!F20) | G20: =IF(COUNT('Réel'!G20)=0,"",'Prévu'!G20-'Réel'!G20) | H20: =IF(COUNT('Réel'!H20)=0,"",'Prévu'!H20-'Réel'!H20) | I20: =IF(COUNT('Réel'!I20)=0,"",'Prévu'!I20-'Réel'!I20) | ... M20: =IF(COUNT('Réel'!M20)=0,"",'Prévu'!M20-'Réel'!M20) | N20: =SUM(B20:M20) -> 5
A21: ='Prévu'!A21 -> Abonnements | B21: =IF(COUNT('Réel'!B21)=0,"",'Prévu'!B21-'Réel'!B21) -> 0 | C21: =IF(COUNT('Réel'!C21)=0,"",'Prévu'!C21-'Réel'!C21) -> 0 | D21: =IF(COUNT('Réel'!D21)=0,"",'Prévu'!D21-'Réel'!D21) -> -12 | E21: =IF(COUNT('Réel'!E21)=0,"",'Prévu'!E21-'Réel'!E21) | F21: =IF(COUNT('Réel'!F21)=0,"",'Prévu'!F21-'Réel'!F21) | G21: =IF(COUNT('Réel'!G21)=0,"",'Prévu'!G21-'Réel'!G21) | H21: =IF(COUNT('Réel'!H21)=0,"",'Prévu'!H21-'Réel'!H21) | I21: =IF(COUNT('Réel'!I21)=0,"",'Prévu'!I21-'Réel'!I21) | ... M21: =IF(COUNT('Réel'!M21)=0,"",'Prévu'!M21-'Réel'!M21) | N21: =SUM(B21:M21) -> -12
A22: ='Prévu'!A22 -> Crédits | B22: =IF(COUNT('Réel'!B22)=0,"",'Prévu'!B22-'Réel'!B22) -> 0 | C22: =IF(COUNT('Réel'!C22)=0,"",'Prévu'!C22-'Réel'!C22) -> 0 | D22: =IF(COUNT('Réel'!D22)=0,"",'Prévu'!D22-'Réel'!D22) -> 0 | E22: =IF(COUNT('Réel'!E22)=0,"",'Prévu'!E22-'Réel'!E22) | F22: =IF(COUNT('Réel'!F22)=0,"",'Prévu'!F22-'Réel'!F22) | G22: =IF(COUNT('Réel'!G22)=0,"",'Prévu'!G22-'Réel'!G22) | H22: =IF(COUNT('Réel'!H22)=0,"",'Prévu'!H22-'Réel'!H22) | I22: =IF(COUNT('Réel'!I22)=0,"",'Prévu'!I22-'Réel'!I22) | ... M22: =IF(COUNT('Réel'!M22)=0,"",'Prévu'!M22-'Réel'!M22) | N22: =SUM(B22:M22) -> 0
A23: ='Prévu'!A23 -> Épargne | B23: =IF(COUNT('Réel'!B23)=0,"",'Réel'!B23-'Prévu'!B23) -> -100 | C23: =IF(COUNT('Réel'!C23)=0,"",'Réel'!C23-'Prévu'!C23) -> 50 | D23: =IF(COUNT('Réel'!D23)=0,"",'Réel'!D23-'Prévu'!D23) -> 0 | E23: =IF(COUNT('Réel'!E23)=0,"",'Réel'!E23-'Prévu'!E23) | F23: =IF(COUNT('Réel'!F23)=0,"",'Réel'!F23-'Prévu'!F23) | G23: =IF(COUNT('Réel'!G23)=0,"",'Réel'!G23-'Prévu'!G23) | H23: =IF(COUNT('Réel'!H23)=0,"",'Réel'!H23-'Prévu'!H23) | I23: =IF(COUNT('Réel'!I23)=0,"",'Réel'!I23-'Prévu'!I23) | ... M23: =IF(COUNT('Réel'!M23)=0,"",'Réel'!M23-'Prévu'!M23) | N23: =SUM(B23:M23) -> -50
A24: ='Prévu'!A24 -> Divers | B24: =IF(COUNT('Réel'!B24)=0,"",'Prévu'!B24-'Réel'!B24) -> -18 | C24: =IF(COUNT('Réel'!C24)=0,"",'Prévu'!C24-'Réel'!C24) -> 9 | D24: =IF(COUNT('Réel'!D24)=0,"",'Prévu'!D24-'Réel'!D24) -> -12 | E24: =IF(COUNT('Réel'!E24)=0,"",'Prévu'!E24-'Réel'!E24) | F24: =IF(COUNT('Réel'!F24)=0,"",'Prévu'!F24-'Réel'!F24) | G24: =IF(COUNT('Réel'!G24)=0,"",'Prévu'!G24-'Réel'!G24) | H24: =IF(COUNT('Réel'!H24)=0,"",'Prévu'!H24-'Réel'!H24) | I24: =IF(COUNT('Réel'!I24)=0,"",'Prévu'!I24-'Réel'!I24) | ... M24: =IF(COUNT('Réel'!M24)=0,"",'Prévu'!M24-'Réel'!M24) | N24: =SUM(B24:M24) -> -21
A25: Total des dépenses | B25: =IF('Réel'!B25="","",'Prévu'!B25-'Réel'!B25) -> 7 | C25: =IF('Réel'!C25="","",'Prévu'!C25-'Réel'!C25) -> -53 | D25: =IF('Réel'!D25="","",'Prévu'!D25-'Réel'!D25) -> -64 | E25: =IF('Réel'!E25="","",'Prévu'!E25-'Réel'!E25) | F25: =IF('Réel'!F25="","",'Prévu'!F25-'Réel'!F25) | G25: =IF('Réel'!G25="","",'Prévu'!G25-'Réel'!G25) | H25: =IF('Réel'!H25="","",'Prévu'!H25-'Réel'!H25) | I25: =IF('Réel'!I25="","",'Prévu'!I25-'Réel'!I25) | ... M25: =IF('Réel'!M25="","",'Prévu'!M25-'Réel'!M25) | N25: =SUM(B25:M25) -> -110
A27: Solde (revenus − dépenses) | B27: =IF('Réel'!B27="","",'Réel'!B27-'Prévu'!B27) -> 7 | C27: =IF('Réel'!C27="","",'Réel'!C27-'Prévu'!C27) -> 147 | D27: =IF('Réel'!D27="","",'Réel'!D27-'Prévu'!D27) -> -64 | E27: =IF('Réel'!E27="","",'Réel'!E27-'Prévu'!E27) | F27: =IF('Réel'!F27="","",'Réel'!F27-'Prévu'!F27) | G27: =IF('Réel'!G27="","",'Réel'!G27-'Prévu'!G27) | H27: =IF('Réel'!H27="","",'Réel'!H27-'Prévu'!H27) | I27: =IF('Réel'!I27="","",'Réel'!I27-'Prévu'!I27) | ... M27: =IF('Réel'!M27="","",'Réel'!M27-'Prévu'!M27) | N27: =SUM(B27:M27) -> 90
A28: Épargné (épargne + solde) | B28: =IF('Réel'!B28="","",'Réel'!B28-'Prévu'!B28) -> -93 | C28: =IF('Réel'!C28="","",'Réel'!C28-'Prévu'!C28) -> 197 | D28: =IF('Réel'!D28="","",'Réel'!D28-'Prévu'!D28) -> -64 | E28: =IF('Réel'!E28="","",'Réel'!E28-'Prévu'!E28) | F28: =IF('Réel'!F28="","",'Réel'!F28-'Prévu'!F28) | G28: =IF('Réel'!G28="","",'Réel'!G28-'Prévu'!G28) | H28: =IF('Réel'!H28="","",'Réel'!H28-'Prévu'!H28) | I28: =IF('Réel'!I28="","",'Réel'!I28-'Prévu'!I28) | ... M28: =IF('Réel'!M28="","",'Réel'!M28-'Prévu'!M28) | N28: =SUM(B28:M28) -> 40
A29: Taux d’épargne (points) | B29: =IF(N('Réel'!B8)=0,"",'Réel'!B29-'Prévu'!B29) -> -0.040434783 | C29: =IF(N('Réel'!C8)=0,"",'Réel'!C29-'Prévu'!C29) -> 0.065930435 | D29: =IF(N('Réel'!D8)=0,"",'Réel'!D29-'Prévu'!D29) -> -0.027826087 | E29: =IF(N('Réel'!E8)=0,"",'Réel'!E29-'Prévu'!E29) | F29: =IF(N('Réel'!F8)=0,"",'Réel'!F29-'Prévu'!F29) | G29: =IF(N('Réel'!G8)=0,"",'Réel'!G29-'Prévu'!G29) | H29: =IF(N('Réel'!H8)=0,"",'Réel'!H29-'Prévu'!H29) | I29: =IF(N('Réel'!I8)=0,"",'Réel'!I29-'Prévu'!I29) | ... M29: =IF(N('Réel'!M8)=0,"",'Réel'!M29-'Prévu'!M29)

Sheet Mode d’emploi
A1: Budget mensuel — Mode d’emploi
A3: 1. Onglet Prévu : en début d’année, saisissez dans les cellules jaunes les revenus attendus et les dépenses prévues pour chaque mois. Placez les dépenses saisonnières (chauffage, soldes, vacances, Noël) dans le mois où elles tombent vraiment.
A4: 2. Onglet Réel : à la fin de chaque mois, saisissez sur les mêmes lignes ce que vous avez réellement gagné et dépensé. Les mois laissés vides ne comptent ni dans les moyennes ni dans l’écart.
A5: 3. Onglet Écart : rien à saisir. Les cellules rouges (négatives) signalent un dépassement ; les vertes (positives) sont en votre faveur.
A6: 4. Taux d’épargne = (Épargne + Solde) / Total des revenus. Viser environ 20 % est un bon repère ; tout chiffre positif est un début.
A7: 5. Pour renommer un poste, modifiez-le uniquement dans l’onglet Prévu ; les autres onglets y lisent les noms. Les trois onglets se correspondent ligne à ligne : n’insérez ni ne supprimez de ligne dans un seul d’entre eux. Le reste va dans Divers.
A9: Les formules fonctionnent dans Excel, Google Sheets, LibreOffice et Numbers. Dans un Excel en français, elles s’affichent avec des noms français et des points-virgules (;). C’est normal.
A10: Pour noter vos dépenses depuis le téléphone, en photographiant un ticket ou à la voix : l’application Comptabilité Personnelle, personalaccounting.app
